 Dungeon Crawl Stone Soup version 0.31-a0-473-g61b50ae490 (webtiles) character file.

Game seed: 14873536177816362238

889 horus123 the Conjurer (level 8, -1/44 (58) HPs)
             Began as a Human Reaver on Aug 6, 2023.
             Slain by a gnoll sergeant
             ... wielding a +3 vampiric spear
              (13 damage)
             ... on level 5 of the Dungeon.
             The game lasted 00:11:45 (5424 turns).

horus123 the Conjurer (Human Reaver)                Turns: 5424, Time: 00:11:45

HP:   -1/44 (58)    AC:  6    Str: 13    XL:     8   Next: 26%
MP:   12/12         EV: 12    Int: 18    God:
Gold: 224           SH:  0    Dex: 16    Spells: 8/13 levels left

rFire   . . .        f - +2 spear (venom)
rCold   . . .        (no shield)
rNeg    . . .        y - +2 robe of Hedge Wizardry {Dex+3}
rPois   .            q - +0 helmet
rElec   .            (no cloak)
rCorr   .            h - +0 pair of gloves
SInv    .            (no boots)
Will    .....        (no amulet)
Stlth   ++           (no ring)
HPRegen 0.27/turn    (no ring)
MPRegen 0.13/turn

%: no passive effects
@: confused, ambrosia-drunk, studying Necromancy, heavily drained
A: thin skeletal structure 1, clever 1
a: no special abilities


You were on level 5 of the Dungeon.
You visited 1 branch of the dungeon, and saw 5 of its levels.

You collected 224 gold pieces.

Inventory:

Hand Weapons
 a - a +0 mace
 f - a +2 spear of venom (weapon)
 t - a +0 halberd
Missiles
 v - 8 throwing nets
Armour
 b - a +0 leather armour
 h - a +0 pair of gloves (worn)
 q - a +0 helmet (worn)
 s - the +0 robe of Youthful Indiscretion {-Tele rPois Int+3}
   (You found it on level 4 of the Dungeon)

   Int:       It affects your intelligence (+3).
   rPois:     It protects you from poison.
   -Tele:     It prevents most forms of teleportation.
 y - the +2 robe of Hedge Wizardry (worn) {Dex+3}
   (You found it on level 4 of the Dungeon)

   Dex:       It affects your dexterity (+3).
Jewellery
 l - an amulet of guardian spirit
Wands
 n - a wand of roots (8)
 w - a wand of paralysis (10)
Scrolls
 c - a scroll of enchant armour
 g - a scroll of fog
 j - a scroll of identify
 m - a scroll of silence
 p - 2 scrolls of blinking
 u - 2 scrolls of vulnerability
 x - 2 scrolls of teleportation
Potions
 d - a potion of mutation
 k - a potion of haste {unknown}
 r - a potion of resistance
 z - a potion of berserk rage {unknown}
 B - 2 potions of brilliance {unknown}


   Skills:
 - Level 3.0 Fighting
 - Level 3.0 Maces & Flails
 - Level 3.0 Polearms
 - Level 2.1 Armour
 - Level 2.0 Dodging
 - Level 3.2 Spellcasting
 - Level 7.2 Conjurations
 + Level 2.6 Necromancy


You had 8 spell levels left.
You knew the following spells:

 Your Spells              Type           Power      Damage    Failure   Level
a - Kiss of Death         Conj/Necr      80%        2d11      2%          1
b - Magic Dart            Conj           100%       1d8       1%          1
c - Hailstorm             Conj/Ice       15%        3d5       11%         3

Your spell library contained the following spells:

 Spells                   Type           Power      Damage    Failure   Level
 Momentum Strike          Conj/Tloc      30%        3d8       5%          2
 Static Discharge         Conj/Air       30%        2-4/arc   5%          2
 Dazzling Flash           Conj/Hex       30%        N/A       11%         3
 Mephitic Cloud           Conj/Pois/Air  11%        N/A       19%         3
 Call Imp                 Summ           4%         N/A       24%         2
 Agony                    Necr           12%        N/A       83%         5
 Airstrike                Air            1%         2d(1-17)  85%         4
 Summon Lightning Spire   Summ/Air       2%         N/A       85%         4
 Silence                  Hex/Air        1%         N/A       99%         5


Dungeon Overview and Level Annotations

Branches:
Dungeon (5/15)
 Temple: D:4-7

Altars:
Kikubaaqudgha

Shops:
D:2 :   D:5 !(


Innate Abilities, Weirdness & Mutations

You have a somewhat thin skeletal structure. (Dex +2, Stealth+)
Your mind is acute. (Int +4, Str/Dex -1)


Message History

The gnoll sergeant barely misses you.
Reach: f) +2 spear (venom)
Press: ? - help, Dir - move target, f/p - gnoll sergeant
Aim: a gnoll sergeant, wielding a +3 vampiric spear and wearing a +0 scale mail (lightly wounded, about 28% to evade your +2 spear of venom)
You reach to attack!
You barely miss the gnoll sergeant.
The gnoll sergeant is lightly wounded.
The gnoll sergeant hits you from afar with a +3 vampiric spear!
The gnoll sergeant draws strength from your wounds!
Reach: f) +2 spear (venom)
Press: ? - help, Dir - move target, f/p - gnoll sergeant
Aim: a gnoll sergeant, wielding a +3 vampiric spear and wearing a +0 scale mail (lightly wounded, about 28% to evade your +2 spear of venom)
You reach to attack!
You barely miss the gnoll sergeant.
The gnoll sergeant is lightly wounded.
Unknown command.
Reach: f) +2 spear (venom)
Press: ? - help, Dir - move target, f/p - gnoll sergeant
Aim: a gnoll sergeant, wielding a +3 vampiric spear and wearing a +0 scale mail (lightly wounded, about 28% to evade your +2 spear of venom)
You reach to attack!
You barely miss the gnoll sergeant.
The gnoll sergeant is lightly wounded.
The gnoll sergeant hits you from afar with a +3 vampiric spear!
* * * LOW HITPOINT WARNING * * *
The gnoll sergeant draws strength from your wounds!
A hound comes into view.
The gnoll sergeant hits you with a +3 vampiric spear!
* * * LOW HITPOINT WARNING * * *
It was a potion of magic.
Magic courses through your body. The gnoll sergeant barely misses you.
It was a potion of ambrosia.
You are confused.
You feel invigorated.
The hound barks!
The gnoll sergeant hits you with a +3 vampiric spear.
* * * LOW HITPOINT WARNING * * *
The gnoll sergeant closely misses you.
You miss the gnoll sergeant.
The gnoll sergeant hits you with a +3 vampiric spear.
* * * LOW HITPOINT WARNING * * *
You're too confused to move!
The gnoll sergeant hits you with a +3 vampiric spear!
You die...

...#......###....#
...##.....)......##
.#......#...#.....#
##..#..##...##...##
.#).#..##.∩.##...#
.#.....##...##..##
........#####..)#####
.........###.....g..##..
................@.......
....)...........h.......
....#<......#........##.
...##.....#.#..#....##
..........###..#...##
....###............#
...#####............
..##.........###.....
..##.∩.......###


You could see a gnoll sergeant and a hound.

Vanquished Creatures
  A water moccasin (D:5)
  An ice beast (D:5)
  A black bear (D:5)
  2 gnoll sergeants (D:5)
  A hound (D:4)
  A gnoll bouda (D:5)
  3 iguanas
  Jessica (D:2)
  19 gnolls
  6 adders
  An ufetubus (D:5)
  A worm (D:4)
  2 dart slugs
  6 orcs
  8 ball pythons
  3 bats
  5 endoplasms
  5 giant cockroaches
  5 goblins
  4 hobgoblins
  6 jackals
  6 frilled lizards
  4 kobolds
  6 rats
98 creatures vanquished.

Notes
Turn   | Place    | Note
-------+----------+-------------------------------------------
     0 | D:1      | horus123 the Human Reaver began the quest for the Orb.
     0 | D:1      | Reached XP level 1. HP: 16/16 MP: 3/3
   123 | D:1      | Reached XP level 2. HP: 21/23 MP: 5/5
   307 | D:1      | Reached XP level 3. HP: 26/29 MP: 6/6
   349 | D:1      | Reached skill level 1 in Polearms
   547 | D:2      | Noticed Jessica
   551 | D:2      | Killed Jessica
   552 | D:2      | Reached XP level 4. HP: 34/35 MP: 7/7
   604 | D:2      | Found Taxi's Vocational Training.
  1146 | D:3      | Learned a level 1 spell: Magic Dart
  1218 | D:3      | Found an ancient bone altar of Kikubaaqudgha.
  1662 | D:3      | Found a faded altar of an unknown god.
  2031 | D:3      | Reached XP level 5. HP: 18/41 MP: 6/8
  2638 | D:4      | Reached skill level 1 in Armour
  2767 | D:4      | Identified the +0 robe of Youthful Indiscretion {-Tele
                  | rPois Int+3}
  2891 | D:4      | Reached XP level 6. HP: 35/47 MP: 8/10
  3370 | D:4      | Identified the +2 robe of Hedge Wizardry {Dex+3}
  3414 | D:5      | Entered Level 5 of the Dungeon
  3425 | D:5      | Noticed a black bear
  3698 | D:5      | Noticed an ice beast
  3837 | D:5      | Reached skill level 4 in Conjurations
  3898 | D:5      | Killed a black bear
  3899 | D:5      | Reached skill level 5 in Conjurations
  3899 | D:5      | Reached XP level 7. HP: 37/52 MP: 6/11
  4451 | D:5      | Found Unku's Distillery.
  4473 | D:5      | Reached skill level 6 in Conjurations
  4652 | D:5      | Noticed a water moccasin
  4661 | D:5      | Killed a water moccasin
  4666 | D:5      | Learned a level 3 spell: Hailstorm
  4834 | D:5      | Gained mutation: You have a somewhat thin skeletal
                  | structure. (Dex +2, Stealth+) [potion of mutation]
  4834 | D:5      | Gained mutation: Your mind is acute. (Int +4, Str/Dex -1)
                  | [potion of mutation]
  4838 | D:5      | Reached XP level 8. HP: 6/39 MP: 7/12
  5003 | D:5      | Reached skill level 7 in Conjurations
  5211 | D:5      | Found Wenus's Weapon Shoppe.
  5244 | D:5      | HP: 2/41 [gnoll sergeant/+0 trident of protection (4)]
  5419 | D:5      | HP: 2/44 [gnoll sergeant/+3 vampiric spear (10)]
  5424 | D:5      | Slain by a gnoll sergeant

Illustrated notes

Levels and vault maps discovered:
D:1:      dpeg_arrival_erosion, layout_rooms
D:2:      minmay_evil_eye, layout_loops_ring, nicolae_shop_vocational,
          uniq_jessica
D:3:      layout_basic, lemuel_round_altar, gup_sewer_entry_bowl,
          shapermc_ecumenical_altar_petra, kennysheep_cross_room
D:4:      layout_loops_ring
D:5:      layout_cave_pools, serial_gnoll_camp, gnoll_camp_huts_basic,
          gnoll_camp_mini_hut, gnoll_camp_mini_hut, gnoll_camp_mini_shop,
          gnoll_camp_mini_shop, gnoll_camp_medium_01, uniq_blork_the_orc

Skill      XL: |  1  2  3  4  5  6  7  8 |
---------------+-------------------------+-----
Fighting       | 3 |  3.0
Polearms       | 2 3 |  3.0
Spellcasting   | 3 |  3.2
Armour         | 1 2 |  2.1
Conjurations   | 5 6 7 |  7.2
Necromancy     | 2 |  2.6
Maces & Flails | |  3.0
Dodging        | |  2.0

Action                     |  1- 3 |  4- 6 |  7- 9 || total
---------------------------+-------+-------+-------++-------
  Melee: Mace              |    30 |       |       ||    30
         Spear             |    23 |   161 |    97 ||   281
         Punch             |       |     1 |     1 ||     2
   Cast: Magic Dart        |       |    72 |    47 ||   119
         Kiss of Death     |       |       |     3 ||     3
    Use: Scroll            |       |       |     9 ||     9
         Potion            |       |       |     4 ||     4
   Stab: Sleeping          |       |     1 |       ||     1
 Armour: Leather armour    |    19 |    13 |       ||    32
         Robe              |       |    12 |    17 ||    29
  Dodge: Dodged            |    38 |    92 |    64 ||   194

Table legend: (Time is in decaauts)
 A = Elapsed time spent in this place.
 B = Non-inter-level travel time spent in this place.
 C = Inter-level travel time spent in this place.
 D = Time resting spent in this place.
 E = Time spent auto-exploring this place.
 F = Levels seen in this place.
 G = Mean time per level.
                   A        B        C        D        E       F      G
               +--------+--------+--------+--------+--------+-----+--------+
         Total |   5428 |   5330 |     98 |    981 |   3152 |   5 | 1085.6 |
       Dungeon |   5428 |   5330 |     98 |    981 |   3152 |   5 | 1085.6 |
               +--------+--------+--------+--------+--------+-----+--------+

Top non-repeatable levels by time:
     D:4: 1637 daAuts
     D:5: 1460 daAuts
     D:3: 1236 daAuts
     D:2: 589 daAuts
     D:1: 503 daAuts
